 Dungeon Crawl Stone Soup version 0.29.1-15-g9cfb28693d (webtiles) character file.

Game seed: 904438950480626044

324 H0rd4k the Charlatan (level 6, -3/46 HPs)
             Began as a Human Artificer on Apr 18, 2023.
             Slain by Crazy Yiuf
             ... wielding a +4 quarterstaff of chaos
              (9 damage)
             ... on level 2 of the Dungeon.
             The game lasted 00:03:22 (4741 turns).

H0rd4k the Charlatan (Human Artificer)              Turns: 4741, Time: 00:03:22

Health: -3/46      AC:  3    Str: 12    XL:     6   Next: 78%
Magic:  0/6        EV: 12    Int: 13    God:
Gold:   116        SH:  0    Dex: 14    Spells: 5/5 levels left

rFire   . . .      SeeInvis .   a - +0 club
rCold   . . .      Faith    .   (no shield)
rNeg    . . .      Spirit   .   b - +0 leather armour
rPois   .          Reflect  .   (no helmet)
rElec   .          Harm     .   (no cloak)
rCorr   .          Rampage  .   (no gloves)
Will    .....                   (no boots)
Stlth   ++........              (no amulet)
HPRegen 0.15/turn               (no ring)
MPRegen 0.10/turn               (no ring)

@: slowed, very slow
A: no striking features
a: no special abilities


You were on level 2 of the Dungeon.
You visited 1 branch of the dungeon, and saw 2 of its levels.

You collected 116 gold pieces.

Inventory:

Hand Weapons
 a - a +0 club (weapon)
Armour
 b - a +0 leather armour (worn)
Jewellery
 i - an amulet of magic regeneration
 o - an amulet of reflection
 r - a ring of poison resistance
Wands
 d - a wand of charming (11)
Scrolls
 f - 2 scrolls of identify {unknown}
 h - a scroll of torment {unknown}
 k - a scroll of fear {unknown}
 l - a scroll of fog {unknown}
 m - a scroll of teleportation {unknown}
Potions
 g - a potion of heal wounds {unknown}
 j - a potion of lignification {unknown}
 n - a potion of curing {unknown}
 p - a potion of cancellation {unknown}
 q - a potion of mutation {unknown}
 s - a potion of berserk rage {unknown}


   Skills:
 + Level 2.8 Fighting
 + Level 3.1 Maces & Flails
 - Level 2.0 Armour
 + Level 2.6 Dodging
 + Level 2.3 Stealth
 + Level 4.3 Evocations


You had 5 spell levels left.
You didn't know any spells.
Your spell library contained the following spells:

 Spells                   Type           Power      Damage    Failure   Level
 Freeze                   Ice            0%         1d3       36%         1
 Frozen Ramparts          Ice            0%         1d1       75%         3
 Hailstorm                Conj/Ice       0%         3d3       98%         4


Dungeon Overview and Level Annotations

Branches:
Dungeon (2/15)

Altars:

Shops:
D:1 :

Annotations:
D:2 1 exclusion, Crazy Yiuf


Message History

Things that are here:
a +0 flail; a +0 scale mail; a hobgoblin corpse You see here a +0 club.
There is an open door here.
There is an open door here.
You see here a +0 spear.
Could not explore, unopened runed door.
Could not explore, unopened runed door.
Could not explore, unopened runed door.
You open the door. You hit Crazy Yiuf.
Crazy Yiuf is lightly wounded.
Crazy Yiuf barely misses you.
You hit Crazy Yiuf.
Crazy Yiuf is moderately wounded.
Crazy Yiuf hits you with a +4 quarterstaff of chaos!
You barely miss Crazy Yiuf.
Crazy Yiuf is moderately wounded.
Crazy Yiuf cries, "Powder!"
Crazy Yiuf hits you with a +4 quarterstaff of chaos!
Crazy Yiuf burns you.
You closely miss Crazy Yiuf.
Crazy Yiuf is moderately wounded.
Crazy Yiuf barely misses you.
You completely miss Crazy Yiuf.
Crazy Yiuf is moderately wounded.
Crazy Yiuf hits you with a +4 quarterstaff of chaos!
You feel yourself slow down.
Crazy Yiuf hits you with a +4 quarterstaff of chaos.
Crazy Yiuf burns you.
You hit Crazy Yiuf but do no damage.
Crazy Yiuf is moderately wounded.
Crazy Yiuf hits you with a +4 quarterstaff of chaos!
* * * LOW HITPOINT WARNING * * *
You feel your power leaking away.
You hit Crazy Yiuf.
Crazy Yiuf is moderately wounded.
Crazy Yiuf closely misses you.
Crazy Yiuf hits you with a +4 quarterstaff of chaos!
You die...

##.# ##....#
###..# #.#
###..# ###
#....#
##.#..# #.#
#....####.#
♣....♣
##.....###.#
#.......'(#
♣...♣♣
#...........
#....####.#
♣♣.♣♣
##.........#
#.#.## ###
♣.♣♣
#...#.#..##
#.### ♣♣.♣
#.#.#.#..##
#.# ♣.♣♣
#.#......#
#.# ♣♣@♣
#.###.##.#
#.# #g#
#.###.##.##
#.# ...
#........##
#.# #...#
######.#####
#.# #..)#
#......# #
#.#########
#####
######## #
#.........#
#
###########
# #


You could see Crazy Yiuf.

Vanquished Creatures
  Sigmund (D:2)
  Terence (D:2)
  Natasha (twice) (D:2)
  2 gnolls (D:2)
  A dart slug (D:2)
  3 endoplasms (D:1)
  4 giant cockroaches
  6 goblins
  8 hobgoblins
  5 kobolds
  6 ball pythons
  2 bats (D:1)
  2 frilled lizards (D:2)
  10 rats
53 creatures vanquished.

Vanquished Creatures (collateral kills)
  A hobgoblin (D:2)
1 creature vanquished.

Vanquished Creatures (others)
  2 gnolls (D:2)
2 creatures vanquished.

Grand Total: 56 creatures vanquished

Notes
Turn   | Place    | Note
-------+----------+-------------------------------------------
     0 | D:1      | H0rd4k the Human Artificer began the quest for the Orb.
     0 | D:1      | Reached XP level 1. HP: 15/15 MP: 1/1
   390 | D:1      | Reached XP level 2. HP: 21/21 MP: 2/2
   448 | D:1      | Found Othinoq's Book Boutique.
  1608 | D:1      | Reached XP level 3. HP: 18/26 MP: 3/3
  2226 | D:1      | You fall into a shaft and drop 1 floor!
  2695 | D:2      | Noticed Natasha
  2699 | D:2      | Killed Natasha
  2700 | D:2      | Reached skill level 1 in Maces & Flails
  2700 | D:2      | Reached XP level 4. HP: 14/32 MP: 4/4
  2884 | D:2      | Found a runed translucent door.
  2885 | D:2      | Noticed Crazy Yiuf
  3801 | D:2      | Noticed Sigmund
  3804 | D:2      | Killed Sigmund
  3805 | D:2      | Reached skill level 4 in Evocations
  3805 | D:2      | Reached XP level 5. HP: 32/39 MP: 5/5
  3805 | D:2      | Reached XP level 6. HP: 38/46 MP: 6/6
  4194 | D:2      | Noticed Natasha
  4202 | D:2      | Killed Natasha
  4554 | D:2      | Noticed Terence
  4624 | D:2      | Killed Terence
  4741 | D:2      | Slain by Crazy Yiuf

Illustrated notes

Levels and vault maps discovered:
D:1:      sevenhm_arrival_forest_fort_large_4, layout_basic, serial_shops,
          nicolae_shop_hallway_stairs, palyth_stone_intersect,
          hangedman_decor_clover_reticule, serial_bayou_crossing
D:2:      layout_loops_corners, minmay_rat_hole, uniq_terence,
          uniq_crazy_yiuf_cottage, uniq_sigmund, uniq_natasha

Skill      XL: |  1  2  3  4  5  6 |
---------------+-------------------+-----
Maces & Flails | 1 2 3 |  3.1
Fighting       | 2 |  2.8
Dodging        | 2 |  2.6
Stealth        | 2 |  2.3
Evocations     | 4 |  4.3
Armour         | |  2.0

Action                   |  1- 3 |  4- 6 || total
-------------------------+-------+-------++-------
Melee: Club              |   133 |    81 ||   214
       Punch             |     2 |       ||     2
Evoke: Wand              |     6 |    18 ||    24
 Stab: Sleeping          |       |     2 ||     2
Armor: Leather armour    |    49 |     7 ||    56
Dodge: Dodged            |    80 |    48 ||   128
